 Dungeon Crawl Stone Soup version 0.32-a0-898-g7811c86cf0 (webtiles) character file.

Game seed: 4755941669871109871

2564 dialectric the Shooter (level 9, 0/40 (44) HPs)
             Began as a Vine Stalker Fighter on Apr 5, 2024.
             Was a Priest of Cheibriados.
             Slain by a wight
             ... wielding a +3 mace of freezing
              (5 damage)
             ... on level 7 of the Dungeon.
             The game lasted 00:07:01 (4340 turns).

dialectric the Shooter (Vine Stalker Fighter)       Turns: 4340, Time: 00:07:02

HP:   0/40 (44)     AC:  9    Str: 31    XL:     9   Next: 57%
MP:   0/13          EV: 13    Int: 16    God:    Cheibriados [***...]
Gold: 341           SH:  0    Dex: 27    Spells: 12/12 levels left

rFire   . . .        w - +1 whip (drain)
rCold   . . .        (no shield)
rNeg    . . .        p - +0 ring mail of Hora Ics {Str+2 Dex+3}
rPois   +            n - +1 helmet of Insecurity {^Drain rPois rCorr Slay+5}
rElec   .            C - +0 cloak
rCorr   +            (no gloves)
SInv    .            (no boots)
Will    +....        (no amulet)
Stlth   +            (no ring)
HPRegen 1.06/turn    (no ring)
MPRegen 0.13/turn

%: guardian spirit
@: drained, very slow
A: fangs 3, regeneration 1, magic shield, antimagic bite, no potion heal 2
a: Renounce Religion, Bend Time, Temporal Distortion


You were on level 7 of the Dungeon.
You worshipped Cheibriados.
Cheibriados was most pleased with you.
You visited 1 branch of the dungeon, and saw 7 of its levels.

You collected 341 gold pieces.

Inventory:

Hand Weapons
 a - a +0 flail
 h - the +9 orcbow of Hacking and Slashing {antimagic, rElec rF- rCorr}
   (You found it on level 2 of the Dungeon)

   rF-:       It makes you vulnerable to fire.
   rElec:     It insulates you from electricity.
   rCorr:     It protects you from acid and corrosion.
 w - a +1 whip of draining (weapon)
Armour
 c - a +0 buckler
 n - the +1 helmet of Insecurity (worn) {^Drain rPois rCorr Slay+5}
   (You found it on level 2 of the Dungeon)

   Slay+5:    It affects your accuracy & damage with ranged weapons and melee
   (+5).
   rPois:     It protects you from poison.
   rCorr:     It protects you from acid and corrosion.
   ^Drain:    It drains your maximum health when unequipped.
 p - the +0 ring mail of Hora Ics (worn) {Str+2 Dex+3}
   (You found it on level 2 of the Dungeon)

   Str+2:     It affects your strength (+2).
   Dex+3:     It affects your dexterity (+3).
 C - a +0 cloak (worn)
Wands
 b - a wand of digging (7)
 r - a wand of light (16)
 x - a wand of polymorph (25)
Scrolls
 e - a scroll of blinking {unknown}
 f - 2 scrolls of revelation {unknown}
 j - 2 scrolls of fear {unknown}
 l - a scroll of brand weapon {unknown}
 q - a scroll of poison {unknown}
 u - 3 scrolls of enchant weapon {unknown}
 y - 3 scrolls of enchant armour
 B - a scroll of immolation {unknown}
Potions
 d - a potion of might
 i - 4 potions of berserk rage
 k - 2 potions of curing
 m - a potion of heal wounds
 o - 2 potions of haste
 s - 2 potions of ambrosia
 t - 2 potions of invisibility
 z - 2 potions of brilliance
 A - a potion of attraction {unknown}


   Skills:
 - Level 3.0 Fighting
 - Level 2.1 Maces & Flails
 * Level 7.9 Ranged Weapons
 + Level 6.2 Armour
 - Level 4.0 Dodging
 - Level 2.7 Shields
 - Level 2.4 Spellcasting


You had 12 spell levels left.
You didn't know any spells.
Your spell library contained the following spells:

 Spells                   Type           Power      Damage    Failure   Level
 Sublimation of Blood     Necr           1%         N/A       38%         2
 Petrify                  Alch/Erth      1%         N/A       95%         4
 Irradiate                Conj/Alch      0%         3d11      100%        5
 Dispersal                Tloc           0%         N/A       100%        6
 Gell's Gavotte           Tloc           0%         2d(11-16) 100%        6
 Manifold Assault         Tloc           0%         N/A       100%        7
 Disjunction              Tloc           0%         N/A       100%        8


Dungeon Overview and Level Annotations

Branches:
Dungeon (7/15)             Temple (0/1) D:5

Altars:
Ashenzari
Cheibriados
Dithmenos
Elyvilon
Hepliaklqana
Sif Muna
Uskayaw
Wu Jian

Annotations:
D:4 1 runed translucent door, adelrune's ghost, novice OpCA


Innate Abilities, Weirdness & Mutations

You have razor-sharp teeth.
Your natural rate of healing is unusually fast.
When hurt, damage is shared between your health and your magic reserves.
Your bite disrupts and absorbs the magic of your enemies.
Potions cannot restore your health.


Message History

The wight hits you but does no damage. The wight closely misses you.
You are too injured to fight recklessly!
Unknown command.
You are too injured to fight recklessly!
The wight barely misses you. x2
The wight hits you with a +3 mace of freezing.
You feel drained. The wight freezes you.
Things that are here:
a +0 halberd; a +0 robe You hit the wight.
The wight is almost destroyed.
The wight hits you with a +6 dagger of freezing!
You feel drained.
* * * LOW HITPOINT WARNING * * *
The wight freezes you.
* * * LOW HITPOINT WARNING * * *
The wight hits you with a +3 mace of freezing.
* * * LOW HITPOINT WARNING * * *
You feel drained.
* * * LOW HITPOINT WARNING * * *
The wight freezes you.
* * * LOW HITPOINT WARNING * * *
You whack the wight!
You destroy the wight!
Cheibriados appreciates the change of pace.
The wight hits you but does no damage.
Unknown command.
Unknown command.
You cannot be healed by potions.
You closely miss the wight. Your bite misses the wight.
The wight hits you with a +3 mace of freezing.
* * * LOW HITPOINT WARNING * * *
The wight freezes you.
* * * LOW HITPOINT WARNING * * *
You hit the wight. You bite the wight. You drain its power.
You feel invigorated.
The wight is heavily damaged.
The wight hits you with a +3 mace of freezing!
You die...
Cheibriados appreciates the motionlessness of death.

#.........#
#.........##
########..........#
#........>........#
................#
########..#?.........#
#.....##..).....##....
#.....##..##....####.#
#....@)..............#
#....z...###.#.......#
#................##...
#........###.........#
#........# #.####...##
#......... #.# ###...
#######...# ......
#...# ######


You could see a wight.

Vanquished Creatures
  Pikel (D:7)
  Edmund (D:5)
  An orc warrior (D:6)
  2 ice beasts
  A lemure (D:7)
  2 scorpions
  2 bullfrogs
  8 wights (D:7)
  A howler monkey (D:5)
  2 bombardier beetles (D:5)
  2 hounds (D:5)
  2 jellies
  Crazy Yiuf (D:6)
  3 orc priests
  6 iguanas
  A sleepcap (D:6)
  Ijyb (D:3)
  Terence (D:3)
  9 orc wizards
  4 gnolls
  11 adders
  2 white imps (D:5)
  4 ribbon worms
  23 orcs
  6 bats
  11 endoplasms
  2 giant cockroaches
  7 goblins
  8 hobgoblins
  4 kobolds
  4 quokkas
  8 ball pythons
  A frilled lizard (D:1)
  8 rats
150 creatures vanquished.

Notes
Turn   | Place    | Note
-------+----------+-------------------------------------------
     0 | D:1      | dialectric the Vine Stalker Fighter began the quest for the
                  | Orb.
     0 | D:1      | Reached XP level 1. HP: 11/11 MP: 2/2
   188 | D:1      | Reached XP level 2. HP: 16/16 MP: 3/3
   625 | D:1      | Reached skill level 1 in Spellcasting
   737 | D:2      | Identified the +9 orcbow of Hacking and Slashing
                  | {antimagic, rElec rF- rCorr}
   751 | D:2      | Reached XP level 3. HP: 20/20 MP: 5/5
   845 | D:2      | Found a snail-covered altar of Cheibriados.
   891 | D:2      | Identified the +1 helmet of Insecurity {^Drain rPois rCorr
                  | Slay+5}
   911 | D:2      | Identified the +0 ring mail of Hora Ics {Str+2 Dex+3}
  1114 | D:2      | Reached XP level 4. HP: 24/24 MP: 2/7
  1212 | D:2      | Reached skill level 1 in Dodging
  1242 | D:3      | Noticed Ijyb
  1247 | D:3      | Killed Ijyb
  1480 | D:3      | Noticed Terence
  1487 | D:3      | Killed Terence
  1488 | D:3      | Reached skill level 1 in Ranged Weapons
  1488 | D:3      | Reached XP level 5. HP: 28/28 MP: 3/9
  1550 | D:3      | Found a snail-covered altar of Cheibriados.
  1647 | D:3      | Found a hazy altar of Hepliaklqana.
  1650 | D:3      | Found a shadowy altar of Dithmenos.
  1650 | D:3      | Noticed a shadow
  1720 | D:3      | Became a worshipper of Cheibriados the Contemplative
  1936 | D:4      | Reached XP level 6. HP: 24/32 MP: 1/10
  2101 | D:4      | Reached skill level 2 in Ranged Weapons
  2140 | D:4      | Found a runed translucent door.
  2140 | D:4      | Noticed adelrune's ghost (novice OpCA)
  2170 | D:4      | Reached * piety under Cheibriados
  2347 | D:4      | Reached XP level 7. HP: 36/36 MP: 3/11
  2574 | D:4      | Found a shimmering blue altar of Sif Muna.
  2575 | D:4      | Found a white marble altar of Elyvilon.
  2817 | D:5      | Entered Level 5 of the Dungeon
  2826 | D:5      | Reached ** piety under Cheibriados
  2890 | D:5      | Reached skill level 3 in Ranged Weapons
  3040 | D:5      | Found a hide-covered altar of Uskayaw.
  3075 | D:5      | Gained mutation: You have razor-sharp teeth. [Vine Stalker
                  | growth]
  3075 | D:5      | Reached XP level 8. HP: 40/40 MP: 10/12
  3110 | D:5      | Reached skill level 4 in Ranged Weapons
  3144 | D:5      | Found a staircase to the Ecumenical Temple.
  3211 | D:5      | Found an ornate altar of the Wu Jian Council.
  3326 | D:6      | Noticed Edmund
  3337 | D:5      | Killed Edmund
  3383 | D:6      | Reached skill level 5 in Ranged Weapons
  3450 | D:6      | Reached skill level 5 in Armour
  3452 | D:6      | Reached *** piety under Cheibriados
  3777 | D:6      | Found a runed translucent door.
  3778 | D:6      | Noticed Crazy Yiuf
  3924 | D:6      | Killed Crazy Yiuf
  4108 | D:7      | Reached skill level 6 in Ranged Weapons
  4114 | D:7      | Reached XP level 9. HP: 25/44 MP: 13/13
  4166 | D:7      | Found a broken altar of Ashenzari.
  4223 | D:7      | Noticed Pikel
  4239 | D:7      | Killed Pikel
  4240 | D:7      | Reached skill level 7 in Ranged Weapons
  4340 | D:7      | Slain by a wight

Illustrated notes

Levels and vault maps discovered:
D:1:      minmay_arrival_jagged, layout_basic, serial_bayou_pond_b
D:2:      layout_rooms, basic_altar, minmay_octomino_c4
D:3:      layout_basic, riverfiend_overflow_shadow_ancestor,
          mainiacjoe_overflow_24_doors, skrybe_limestone_x,
          minmay_misc_feat_square, uniq_terence, uniq_ijyb
D:4:      layout_cave_pods, gammafunk_temple_overflow_statue,
          gammafunk_ghost_grave, chequers_avenue
D:5:      layout_rooms, general_overflow_altar, nzn_wu_jian_council_hall,
          minmay_temple_entry_grid, grunt_ministairs_10
D:6:      layout_cave_pools, minmay_misc_feat_ornament, uniq_crazy_yiuf_cottage,
          uniq_edmund
D:7:      layout_basic, regret_index_xom_of_box, evilmike_ruin_ashenzari,
          uniq_pikel

Skill      XL: |  1  2  3  4  5  6  7  8  9 |
---------------+----------------------------+-----
Maces & Flails | 2 |  2.1
Spellcasting   | 1 2 |  2.4
Fighting       | 3 |  3.0
Dodging        | 1 2 3 4 |  4.0
Ranged Weapons | 1 2 3 6 7 |  7.9
Armour         | 3 4 5 6 |  6.2
Shields        | |  2.7

Action                     |  1- 3 |  4- 6 |  7- 9 || total
---------------------------+-------+-------+-------++-------
  Melee: Flail             |    58 |       |    21 ||    79
         Bite              |    14 |       |    54 ||    68
         Whip              |       |       |   145 ||   145
   Fire: Orcbow            |    27 |   107 |    13 ||   147
    Use: Potion            |       |     1 |       ||     1
         Scroll            |       |       |     8 ||     8
 Armour: Scale mail        |    47 |       |       ||    47
         Ring mail         |    12 |    35 |   182 ||   229
  Dodge: Dodged            |    39 |    28 |   169 ||   236

Table legend: (Time is in decaauts)
 A = Elapsed time spent in this place.
 B = Non-inter-level travel time spent in this place.
 C = Inter-level travel time spent in this place.
 D = Time resting spent in this place.
 E = Time spent auto-exploring this place.
 F = Levels seen in this place.
 G = Mean time per level.
                   A        B        C        D        E       F      G
               +--------+--------+--------+--------+--------+-----+--------+
         Total |   5400 |   5165 |    235 |     22 |   3930 |   7 |  771.4 |
       Dungeon |   5400 |   5165 |    235 |     22 |   3930 |   7 |  771.4 |
               +--------+--------+--------+--------+--------+-----+--------+

Top non-repeatable levels by time:
     D:4: 1187 daAuts
     D:6: 1050 daAuts
     D:5: 766 daAuts
     D:3: 744 daAuts
     D:1: 727 daAuts
     D:2: 549 daAuts
     D:7: 374 daAuts
